 Dungeon Crawl Stone Soup version 0.14-a0-218-g24e112a (webtiles) character file.

3037 4tharraofdagon the Fighter (level 9, 0/91 HPs)
             Began as an Ogre Hunter on Oct 8, 2013.
             Was a Priest of Makhleb.
             Succumbed to a kobold's poison
             ... on Level 9 of the Dungeon.
             The game lasted 00:15:08 (2728 turns).

4tharraofdagon the Fighter (Ogre Hunter)            Turns: 2728, Time: 00:15:08

HP   0/91        AC  5     Str 24      XL: 9   Next: 69%
MP   1/17        EV  9     Int 15      God: Makhleb [***...]
Gold 272         SH  0     Dex 10      Spells:  0 memorised, 16 levels left

Res.Fire  : . . .   See Invis. : .     - Unarmed
Res.Cold  : . . .   Warding    : .   d - +0 animal skin
Life Prot.: . . .   Conserve   : .   (shield restricted)
Res.Poison: .       Res.Corr.  : .   (helmet restricted)
Res.Elec. : +       Clarity    : .   (no cloak)
Sust.Abil.: . .     Spirit.Shd : +   (gloves unavailable)
Res.Mut.  : .       Stasis     : .   (boots unavailable)
Res.Rott. : .       Flight     : .   n - amulet of guardian spirit
Saprovore : + . .                    (no ring)
                                     s - +2 ring of intelligence

@: mighty, mildly poisoned, drained, somewhat resistant to hostile enchantments,
unstealthy
A: unfitting armour, fast metabolism 1, saprovore 1, electricity resistance,
tough skin 1, AC +2
a: Minor Destruction, Lesser Servant of Makhleb, Renounce Religion


You were on level 9 of the Dungeon.
You worshipped Makhleb.
Makhleb was most pleased with you.
You were not hungry.

You visited 2 branches of the dungeon, and saw 10 of its levels.

You collected 252 gold pieces.

Inventory:

Hand weapons
 a - a cursed +1,+1 club
 r - a +0,+0 flail
 t - a -3,+1 orcish flail
Armour
 d - a +0 animal skin (worn)
Magical devices
 b - a wand of polymorph (4)
 c - a wand of invisibility (2) {unknown}
 g - a wand of magic darts (5)
 E - a wand of slowing (10)
Comestibles
 f - 5 meat rations
 j - 2 bread rations
 u - an apple
 A - a sausage
Scrolls
 e - 2 scrolls of blinking {unknown}
 h - a scroll of enchant weapon I {unknown}
 i - a scroll of fear {unknown}
 l - 2 scrolls of enchant armour {unknown}
 o - a scroll of magic mapping {unknown}
 p - 2 scrolls of amnesia {unknown}
 q - a scroll of enchant weapon II {unknown}
 w - 2 scrolls of immolation {unknown}
 x - a scroll of curse armour {unknown}
 y - 3 scrolls of identify {unknown}
 z - 2 scrolls of teleportation {unknown}
 D - a scroll of remove curse
Jewellery
 n - an amulet of guardian spirit (around neck)
 s - a +2 ring of intelligence (left hand)


   Skills:
 + Level 9.1(8.7) Fighting
 - Level 1.3(1.0) Maces & Flails
 - Level 4.5(4.2) Throwing
 - Level 1.7(1.4) Dodging
 - Level 0.7(0.4) Stealth
 * Level 8.7(8.3) Unarmed Combat
 - Level 4.0(3.7) Spellcasting
 + Level 4.2(3.9) Invocations


You had 16 spell levels left.
You didn't know any spells.

Dungeon Overview and Level Annotations

Branches:
Dungeon (9/27)             Temple (1/1) D:4             Orc (0/4) D:9
   Lair: D:8-13

Altars:
Cheibriados
Kikubaaqudgha
Makhleb
Okawaru
Trog
Vehumet
Xom
Yredelemnul
Zin
the Shining One

Shops:
D:8 (


Innate Abilities, Weirdness & Mutations

You are too large for most types of armour.
You have a fast metabolism.
You can tolerate rotten meat.
You have tough skin (AC +1).
You are partially covered in thin metallic scales (AC +2).
You are resistant to electric shocks.


Message History

Unknown command.
* * * LOW HITPOINT WARNING * * *
You feel sick.
You see here a dart.
Unknown command.
* * * LOW HITPOINT WARNING * * *
You feel sick.
Unknown command.
Drink which item? (? for menu, Esc to quit)
You feel refreshed.
It was a potion of restore abilities.
The hellwing hits you.
* * * LOW HITPOINT WARNING * * *
The hellwing hits you but does no damage.
Unknown command.
Drink which item? (? for menu, Esc to quit)
You feel very mighty all of a sudden.
It was a potion of might.
The hellwing barely misses you. The hellwing barely misses you.
Unknown command.
You die...

#...######
#........#
#.......<#
#.#(###.######
#.#(z(..z))()#
...####.####z#
.... #.# #4#
.#.. #.# #.#
#.. ..# #@#
#K. ### #.#
K.. ..# # ####


You could see a hellwing and a wight.

Vanquished Creatures
  Grinder (D:6)
  4 yaks (D:9)
  Menkaure (D:6)
  An ice beast (D:6)
  A phantom (D:4)
  A sky beast (D:9)
  2 necrophages
  3 centaurs
  Sigmund (D:6)
  A big kobold (D:9)
  A water moccasin (D:6)
  A giant frog (D:6)
  3 wights (D:9)
  4 crimson imps
  A goliath beetle (D:9)
  2 jellies
  A quasit (D:7)
  A hound (D:4)
  A gnoll shaman (D:4)
  A scorpion (D:4)
  An orc priest (D:6)
  3 worker ants
  A hound zombie (D:4)
  Terence (D:2)
  6 gnolls (D:4)
  An adder (D:3)
  A giant mite (D:8)
  A giant gecko (D:4)
  11 orcs
  2 ball pythons
  4 goblins
  10 hobgoblins
  7 jackals
  6 kobolds
  4 quokkas
  10 bats
  A giant spore (D:8)
  A goblin skeleton (D:4)
  A hobgoblin skeleton (D:4)
  A kobold zombie (D:5)
  2 orc zombies
  4 rats
  A rat skeleton (D:6)
  2 ballistomycetes (D:8)
114 creatures vanquished.

Notes
Turn   | Place    | Note
--------------------------------------------------------------
     0 | D:1      | 4tharraofdagon, the Ogre Hunter, began the quest for the Orb.
     0 | D:1      | Reached XP level 1. HP: 20/20 MP: 0/0
    43 | D:1      | Reached skill level 1 in Unarmed Combat
    92 | D:2      | Reached XP level 2. HP: 28/28 MP: 1/1
   175 | D:2      | Noticed Terence
   179 | D:2      | Killed Terence
   183 | D:2      | Reached XP level 3. HP: 9/36 MP: 2/2
   410 | D:3      | ZoFy: What's your opinion on penerating large rocks?
   417 | D:3      | ZoFy: *penetrating
   417 | D:3      | 4tharraofdagon: op
   425 | D:3      | 4tharraofdagon: they were already good as normal ones
   468 | D:4      | Noticed a phantom
   483 | D:4      | Killed a phantom
   483 | D:4      | Reached skill level 1 in Spellcasting
   483 | D:4      | Reached XP level 4. HP: 16/45 MP: 0/4
   483 | D:4      | Reached XP level 5. HP: 18/52 MP: 0/5
   694 | D:4      | ZoFy: Agreed. And the official rationale behind this change makes no sense at all...
   742 | D:4      | Reached XP level 6. HP: 56/61 MP: 6/8
   817 | D:4      | Found a staircase to the Ecumenical Temple.
   822 | Temple   | Entered the Ecumenical Temple
   832 | Temple   | hurdos: Mak?
   852 | Temple   | Became a worshipper of Makhleb the Destroyer
   914 | D:4      | ZoFy: Why not?
   966 | D:4      | hurdos: Who said 'not'?
  1098 | D:5      | Entered Level 5 of the Dungeon
  1231 | D:6      | Reached skill level 5 in Fighting
  1311 | D:6      | Acquired Makhleb's first power
  1351 | D:7      | Reached XP level 7. HP: 63/68 MP: 9/11
  1435 | D:6      | Found an ancient bone altar of Kikubaaqudgha.
  1442 | D:6      | Noticed Grinder
  1447 | D:6      | Killed Grinder
  1447 | D:6      | Reached skill level 6 in Fighting
  1447 | D:6      | Reached skill level 5 in Unarmed Combat
  1504 | D:6      | Reached XP level 8. HP: 40/79 MP: 10/15
  1560 | D:5      | ZoFy: > nothing wielded
  1769 | D:6      | Noticed Sigmund
  1774 | D:6      | Killed Sigmund
  1806 | D:6      | Noticed Menkaure
  1814 | D:6      | Killed Menkaure
  1814 | D:6      | Acquired Makhleb's second power
  1814 | D:6      | Reached skill level 7 in Fighting
  2002 | D:8      | hurdos: very intresting combo
  2075 | D:8      | 4tharraofdagon: yea tryin hard
  2080 | D:8      | Found Bari's Antique Weapon Boutique.
  2242 | D:8      | Reached skill level 1 in Invocations
  2311 | D:8      | Reached skill level 8 in Fighting
  2311 | D:8      | Reached XP level 9. HP: 87/89 MP: 17/17
  2505 | D:9      | hurdos: where are orcs? :)
  2637 | D:9      | Found a staircase to the Orcish Mines.
  2639 | D:9      | 4tharraofdagon: where are cyclops
  2683 | D:9      | Reached skill level 9 in Fighting
  2704 | D:9      | Gained mutation: You are resistant to electric shocks. [potion of mutation]
  2704 | D:9      | Gained mutation: You are partially covered in thin metallic scales (AC +2). [potion of mutation]
  2711 | D:9      | Acquired Makhleb's third power
  2721 | D:9      | Noticed a hellwing
  2723 | D:9      | HP: 3/91 [hellwing[the player character] (5)]
  2726 | D:9      | HP: 1/91 [hellwing[the player character] (1)]
  2728 | D:9      | Succumbed to a kobold's poison

Action                   |  1- 3 |  4- 6 |  7- 9 || total
-------------------------+-------+-------+-------++-------
Melee: Club              |    53 |     7 |       ||    60
       Flail             |       |    38 |       ||    38
       Unarmed           |       |    10 |   157 ||   167
Throw: Large rock        |    13 |    25 |    54 ||    92
       Throwing net      |     2 |     2 |     5 ||     9
Invok: Lesser Servant of |       |       |     1 ||     1
Evoke: Wand              |       |       |     5 ||     5
  Use: Scroll            |       |     1 |     1 ||     2
       Potion            |       |       |     3 ||     3
 Stab: Held in net/web   |     1 |     1 |     2 ||     4
       Sleeping          |       |     1 |       ||     1
       Distracted        |       |       |     1 ||     1
